 Dungeon Crawl Stone Soup version 0.20-a0-9-g62d82d9 (webtiles) character file.

494 nubinia the Grasshopper (level 6, -5/32 HPs)
             Began as a Spriggan Warper on Nov 1, 2016.
             Was an Elder of Zin.
             Shot with an arrow by a centaur (17 damage)
             ... on level 5 of the Dungeon.
             The game lasted 00:45:37 (7355 turns).

nubinia the Grasshopper (Spriggan Warper)           Turns: 7355, Time: 00:45:38

Health: -5/32      AC:  2    Str:  7    XL:     6   Next: 92%
Magic:  10/14      EV: 20    Int: 17    God:    Zin [****..]
Gold:   342        SH:  0    Dex: 15    Spells: 5 memorised, 1 level left

rFire  . . .     SeeInvis +     b - +0 hunting sling
rCold  . . .     Gourm    .     o - +0 robe
rNeg   . . .     Faith    .     (shield restricted)
rPois  .         Spirit   .     (helmet restricted)
rElec  .         Reflect  .     (no cloak)
rCorr  .         Harm     .     (gloves unavailable)
MR     +....                    (boots unavailable)
Stlth  ++........               (no amulet)
                                (no ring)
                                (no ring)

@: short of breath, very quick
A: unfitting armour, see invisible, herbivore 3, speed 3, slow metabolism 2
a: Recite, Vitalisation, Imprison, Donate Gold, Renounce Religion


You were on level 5 of the Dungeon.
You worshipped Zin.
Zin was greatly pleased with you.
You were not hungry.

You visited 1 branch of the dungeon, and saw 6 of its levels.
You also visited: Sewer.

You collected 380 gold pieces.
You donated 38 gold pieces to Zin.

Inventory:

Hand Weapons
 a - a +2 dagger of flaming
 b - a +0 hunting sling (weapon)
 r - a +1 short sword
 I - the +4 war axe "Imuggogi" {drain, rElec}
   (You found it on level 5 of the Dungeon)

   A truly terrible weapon, it drains the life of those it strikes.
   It insulates you from electricity.
   Zin disapproves of the use of such an item.
Missiles
 e - 5 tomahawks of dispersal
 q - 137 stones (quivered)
 y - 4 tomahawks
Armour
 o - a +0 robe (worn)
Jewellery
 s - a cursed amulet of inaccuracy
 u - an uncursed ring of magical power {unknown}
 C - a +5 ring of dexterity {unknown}
Scrolls
 d - a scroll of blinking
 i - a scroll of enchant weapon
 j - 2 scrolls of remove curse
 x - 2 scrolls of teleportation
Potions
 g - 2 potions of heal wounds {unknown}
 h - a potion of flight {unknown}
 k - a potion of berserk rage {unknown}
 m - a potion of agility {unknown}
 n - a potion of magic {unknown}
 w - 2 potions of might
 z - a potion of cancellation {unknown}
 A - a potion of lignification {unknown}
 B - a potion of resistance {unknown}
 D - a potion of ambrosia {unknown}
 F - 2 potions of curing
 G - a potion of degeneration {unknown}
 H - a potion of cure mutation {unknown}
 J - 2 potions of mutation {unknown}
Books
 c - a book of Spatial Translocations

   Spells                             Type                      Level
   a - Blink                          Translocation                2
   b - Shroud of Golubria             Charms/Translocation         2
   c - Lesser Beckoning               Translocation                3
   d - Portal Projectile              Translocation                3
   e - Teleport Other                 Translocation                3
   f - Passage of Golubria            Translocation                4
Comestibles
 f - 2 bread rations


   Skills:
 + Level 2.4 Fighting
 + Level 3.4 Short Blades
 + Level 3.3(3.4) Slings
 + Level 1.0(2.0) Throwing
 + Level 4.7 Dodging
 + Level 2.4 Stealth
 * Level 4.7 Spellcasting
 * Level 2.0 Charms
 * Level 5.8 Translocations
 + Level 1.4 Invocations


You had one spell level left.
You knew the following spells:

 Your Spells              Type           Power        Failure   Level  Hunger
a - Blink                 Tloc           N/A          1%          2    #......
b - Shroud of Golubria    Chrm/Tloc      ###.......   4%          2    #......
c - Lesser Beckoning      Tloc           ###.......   4%          3    ###....
d - Portal Projectile     Tloc           ###...       4%          3    ###....
e - Teleport Other        Tloc           ###.....     4%          3    ###....


Dungeon Overview and Level Annotations

Branches:
Dungeon (6/15)
 Temple: D:4-7

Altars:
Ashenzari
Cheibriados
Dithmenos
Elyvilon
Hepliaklqana
Zin

Annotations:
D:4 Sigmund
D:5 Prince Ribbit
D:6 Dowan, Duvessa


Innate Abilities, Weirdness & Mutations

You are very small and have problems with some larger weapons.
You are too small for most types of armour.
You have supernaturally acute eyesight. (SInv)
You are a herbivore.
You cover ground extremely quickly.
You need consume almost no food.


Message History

Zin protects you from harm!
Firing (i - inventory. (,) - cycle):
q - 140 stones (quivered)
Press: ? - help, Shift-Dir - straight line, f/p - centaur
Aim: a centaur, wielding a shortbow (almost dead)
You shoot a stone.
The stone completely misses the centaur.
The centaur shoots an arrow.
The arrow closely misses you.
Firing (i - inventory. (,) - cycle):
q - 139 stones (quivered)
Press: ? - help, Shift-Dir - straight line, f/p - centaur
Aim: a centaur, wielding a shortbow (almost dead)
You shoot a stone. The stone closely misses the centaur.
The centaur shoots an arrow.
The arrow misses you.
The centaur shoots an arrow.
The arrow barely misses you.
Firing (i - inventory. (,) - cycle):
q - 138 stones (quivered)
Press: ? - help, Shift-Dir - straight line, f/p - centaur
Aim: a centaur, wielding a shortbow (almost dead)
You shoot a stone. The stone barely misses the centaur.
The centaur shoots an arrow.
The arrow hits you!
Ouch! That really hurt!
You die...

#.....>....# #..........#
###### #..........# ....<#
#..........# .....#
#..........# .....#
##........## #..###
#(......>(.# ...#
####.......(..# #..#
#.<..@........# #.##
#.....(.......# #.#
###.............# #.#
###...........(..## #.#
##.......#.......### ..##
#....######c.#.....#
...####..#.#####(.(......#
.........#.##(....(......#
....###.)(.(.c..#.##.....#


You could see a centaur.

Vanquished Creatures
  A sky beast (D:5)
  A howler monkey (D:4)
  A crimson imp (D:5)
  An orc priest (D:4)
  A centaur skeleton (D:4)
  An iguana (D:3)
  2 worker ants
  4 gnolls (D:5)
  4 adders
  An ooze (D:1)
  3 worms
  2 dart slugs
  5 leopard geckos
  10 orcs
  5 giant cockroaches
  10 hobgoblins
  3 jackals (D:2)
  A quokka (D:5)
  2 ball pythons
  A ball python skeleton (D:3)
  10 bats
  7 frilled lizards
  A giant cockroach zombie (D:6)
  12 goblins
  10 kobolds
  A quokka zombie (D:6)
  8 rats
108 creatures vanquished.

Notes
Turn   | Place    | Note
-------+----------+-------------------------------------------
     0 | D:1      | nubinia the Spriggan Warper began the quest for the Orb.
     0 | D:1      | Reached XP level 1. HP: 10/10 MP: 5/5
   395 | D:1      | Reached XP level 2. HP: 14/15 MP: 6/6
   415 | D:1      | Learned a level 2 spell: Blink
  1351 | D:1      | Reached XP level 3. HP: 12/18 MP: 8/8
  1709 | D:2      | Learned a level 2 spell: Shroud of Golubria
  1713 | D:2      | Learned a level 3 spell: Lesser Beckoning
  1917 | D:2      | Found a glowing silver altar of Zin.
  1996 | D:2      | Became a worshipper of Zin the Law-Giver
  1996 | D:2      | Reached * piety under Zin
  2138 | D:2      | Reached skill level 1 in Stealth
  2176 | D:2      | Reached skill level 1 in Slings
  2390 | D:2      | Found a snail-covered altar of Cheibriados.
  2549 | D:2      | Reached XP level 4. HP: 22/23 MP: 9/9
  3012 | D:3      | Found a shadowy altar of Dithmenos.
  3239 | D:3      | Reached ** piety under Zin
  3263 | D:3      | Reached skill level 1 in Invocations
  3612 | D:3      | Reached XP level 5. HP: 26/26 MP: 10/10
  3803 | D:4      | Noticed a phantom
  3913 | D:4      | Reached skill level 5 in Translocations
  4027 | D:4      | Noticed Sigmund
  4319 | D:4      | Reached XP level 6. HP: 17/32 MP: 11/13
  4324 | D:4      | Learned a level 3 spell: Portal Projectile
  4328 | D:4      | Learned a level 3 spell: Teleport Other
  5025 | D:4      | Found a shadowy altar of Dithmenos.
  5065 | D:4      | Reached *** piety under Zin
  5158 | D:5      | Entered Level 5 of the Dungeon
  5196 | D:5      | Noticed Prince Ribbit
  5546 | D:5      | Found a hazy altar of Hepliaklqana.
  5547 | D:5      | Found a white marble altar of Elyvilon.
  5551 | D:5      | Got a steaming war axe
  5552 | D:5      | Identified the +4 war axe "Imuggogi" {drain, rElec} (You found it on level 5 of the Dungeon)
  5592 | D:5      | Noticed a sky beast
  5725 | D:5      | Reached skill level 1 in Charms
  5759 | D:5      | Killed a sky beast
  6740 | D:6      | Found a glowing drain.
  6748 | Sewer    | Entered a sewer
  6840 | Sewer    | Reached **** piety under Zin
  6881 | D:6      | Noticed Dowan
  6882 | D:6      | Noticed Duvessa
  6915 | D:6      | Found a shattered altar of Ashenzari.
  7352 | D:5      | Zin protects you from harm!
  7355 | D:5      | Shot with an arrow by a centaur

Vault maps used:
D:1:      scummos_arrival_hexagon, minmay_misc_feat_plants
D:2:      nicolae_overflow_hidden_temple, lemuel_coloured_pillars_altar,
          first_bread
D:3:      overflow_temple_1_default, grunt_ministairs_1
D:4:      nicolae_dithmenos_the_darkroom, uniq_sigmund
D:5:      gammafunk_temple_overflow_statue, uniq_prince_ribbit1
D:6:      nicolae_overflow_crystal_walls, eat_drink_and_be_merry_uskayaw,
          portal_sewer_entry_b, uniq_duvessa
Sewer:    sewer_big_baddie

Skill      XL: |  1  2  3  4  5  6 |
---------------+-------------------+-----
Dodging        | 4 |  4.7
Spellcasting   | 3 4 |  4.7
Fighting       | 2 |  2.4
Stealth        | 1 2 |  2.4
Slings         | 1 2 3 |  3.3
Short Blades   | 3 |  3.4
Invocations    | 1 |  1.4
Translocations | 5 |  5.8
Charms         | 2 |  2.0
Throwing       | |  1.0

Action                   |  1- 3 |  4- 6 || total
-------------------------+-------+-------++-------
Melee: Short sword       |    75 |       ||    75
       Dagger            |    67 |   246 ||   313
 Fire: Hunting sling     |    15 |   178 ||   193
 Cast: Blink             |       |     7 ||     7
       Teleport Other    |       |     3 ||     3
       Portal Projectile |       |     3 ||     3
       Shroud of Golubri |       |     1 ||     1
Invok: Recite            |     4 |    15 ||    19
  Use: Scroll            |     1 |     7 ||     8
       Potion            |       |     3 ||     3
 Stab: Sleeping          |       |     3 ||     3
       Confused          |       |     2 ||     2
       Distracted        |       |     1 ||     1
  Eat: Bread ration      |       |     1 ||     1
       Pizza             |       |     1 ||     1
Armor: Robe              |     6 |    17 ||    23
Dodge: Dodged            |    89 |   224 ||   313
